 Dungeon Crawl Stone Soup version 0.13-a0-2688-gfd9909a (webtiles) character file.

634 JacquesDerrida the Quickloader (level 7, 0/39 HPs)
             Began as a Tengu Hunter on Aug 14, 2013.
             Slain by an orc
             ... wielding a +1,+2 orcish short sword of speed
              (6 damage)
             ... on Level 5 of the Dungeon.
             The game lasted 00:11:17 (3900 turns).

JacquesDerrida the Quickloader (Tengu Hunter)       Turns: 3900, Time: 00:11:17

HP   0/39        AC  4     Str 12      XL: 7   Next: 10%
MP   8/8         EV 11     Int 12      God:
Gold 159         SH  0     Dex 15      Spells:  0 memorised,  6 levels left

Res.Fire  : + . .   See Invis. : .   y - +0 blowgun
Res.Cold  : . . .   Warding    : .   d - +0 leather armour
Life Prot.: . . .   Conserve   : .   (no shield)
Res.Poison: .       Res.Corr.  : .   (helmet restricted)
Res.Elec. : .       Clarity    : .   (no cloak)
Sust.Abil.: + .     Spirit.Shd : .   (no gloves)
Res.Mut.  : .       Stasis     : .   (boots unavailable)
Res.Rott. : .       Flight     : .   (no amulet)
Saprovore : . . .                    v - ring of sustain abilities {unknown}
                                     i - ring of protection from fire

@: slowed, very slow, slightly resistant to hostile enchantments, unstealthy
A: able to fly, beak, horns 1, talons 3, AC +1, Str -1
a: Fly


You were on level 5 of the Dungeon.
You were not hungry.

You visited 1 branch of the dungeon, and saw 5 of its levels.

You collected 139 gold pieces.

Inventory:

Hand weapons
 a - a +0,+0 short sword
 b - a +1,+1 crossbow
 t - a +2,+0 elven long sword
 y - a +0 blowgun (weapon)
Missiles
 C - 11 poisoned needles (quivered)
Armour
 d - a +0 leather armour (worn)
Magical devices
 p - a wand of random effects (16)
Comestibles
 f - 3 bread rations
 k - a slice of pizza
 l - 2 meat rations
 B - 4 pears
 E - a rotting chunk of ball python flesh
Scrolls
 g - a scroll of magic mapping {unknown}
 h - 2 scrolls of fog {unknown}
 n - a scroll of enchant weapon I {unknown}
 o - a scroll of teleportation {unknown}
 r - 2 scrolls of remove curse {unknown}
 s - a scroll of amnesia {unknown}
 w - a scroll of curse weapon {unknown}
Jewellery
 i - a ring of protection from fire (left hand)
 v - a ring of sustain abilities (right hand) {unknown}
 x - a cursed ring of teleportation {unknown}
Potions
 e - a potion of slowing
 u - a potion of degeneration {unknown}


   Skills:
 - Level 1.0 Fighting
 + Level 9.1 Crossbows
 - Level 2.1 Dodging
 - Level 1.0 Stealth


You had 6 spell levels left.
You didn't know any spells.

Dungeon Overview and Level Annotations

Branches:
Dungeon (5/27)
 Temple: D:4-7

Altars:
Zin

Annotations
D:4 Dowan, Duvessa


Innate Abilities, Weirdness & Mutations

You can fly.
You have a beak for a mouth.
You have claws for feet.
You have a pair of small horns on your head.
You are partially covered in molten scales (AC +1).
You are weak (Str -1).


Message History

The orc looks even sicker.
The orc closely misses you.
Firing (i - inventory):
C - 13 poisoned needles (quivered)
Press: ? - help, Shift-Dir - straight line, f/p - orc priest
Aim: an orc priest, wielding an orcish dagger You shoot a poisoned needle.
The poisoned needle misses the orc.
The poisoned needle hits the orc priest.
The orc priest is poisoned.
The orc closely misses you.
The orc priest calls upon Beogh to heal the orc.
The orc is healed somewhat.
The orc hits you with a glowing orcish short sword.
* * * LOW HITPOINT WARNING * * *
Firing (i - inventory):
C - 12 poisoned needles (quivered)
Press: ? - help, Shift-Dir - straight line, f/p - orc priest
Aim: an orc priest, wielding an orcish dagger (poisoned)
You shoot a poisoned needle. The poisoned needle hits the orc.
The orc is lightly wounded.
The orc hits you with a glowing orcish short sword.
* * * LOW HITPOINT WARNING * * *
The orc hits you with a glowing orcish short sword.
You die...

#+# ..# #####.#
#ooo@.#
####.#######
#....<.....#
#............#
+..#..........#
## #..........#
#..........#
#..........#
#....ooo...


You could see an orc priest and 2 orcs.

Vanquished Creatures
  An ogre (D:4)
  The ghost of JacquesDerrida the Bolt Thrower, an average TeHu of Kikubaaqudgha (D:3)
  A hound (D:4)
  2 orc priests (D:4)
  Terence (D:2)
  9 adders
  2 giant mites
  4 worms
  3 giant geckos
  2 oozes
  6 orcs
  13 bats
  2 giant cockroaches
  3 hobgoblins
  16 jackals
  2 quokkas
  2 ball pythons
  6 giant newts
  8 goblins
  6 kobolds
  14 rats
104 creatures vanquished.

Notes
Turn   | Place    | Note
--------------------------------------------------------------
     0 | D:1      | JacquesDerrida, the Tengu Hunter, began the quest for the Orb.
     0 | D:1      | Reached XP level 1. HP: 12/12 MP: 0/0
   276 | D:1      | Reached XP level 2. HP: 11/17 MP: 2/2
   533 | D:1      | Reached skill level 5 in Crossbows
  1081 | D:2      | Reached XP level 3. HP: 21/21 MP: 3/3
  1129 | D:2      | Noticed Terence
  1134 | D:2      | Killed Terence
  1248 | D:2      | Found a glowing silver altar of Zin.
  1254 | D:2      | Reached skill level 6 in Crossbows
  1254 | D:2      | Reached XP level 4. HP: 21/26 MP: 4/4
  1813 | D:2      | Reached XP level 5. HP: 27/30 MP: 6/6
  1934 | D:3      | Noticed JacquesDerrida's ghost (average TeHu)
  1962 | D:3      | Killed JacquesDerrida's ghost
  1962 | D:3      | Reached skill level 7 in Crossbows
  2251 | D:3      | Reached XP level 6. HP: 35/35 MP: 7/7
  2636 | D:3      | Reached skill level 8 in Crossbows
  3618 | D:4      | Noticed Duvessa
  3618 | D:4      | Noticed Dowan
  3809 | D:4      | Reached skill level 9 in Crossbows
  3809 | D:4      | Reached XP level 7. HP: 35/39 MP: 8/8
  3882 | D:5      | Entered Level 5 of the Dungeon
  3889 | D:5      | Gained mutation: You have a pair of small horns on your head. [potion of mutation]
  3889 | D:5      | Gained mutation: You are weak (Str -1). [potion of mutation]
  3889 | D:5      | Gained mutation: You are partially covered in molten scales (AC +1). [potion of mutation]
  3900 | D:5      | Slain by an orc

Action                   |  1- 3 |  4- 6 |  7- 9 || total
-------------------------+-------+-------+-------++-------
Melee: Short sword       |    67 |   113 |       ||   180
       Long sword        |       |    33 |    13 ||    46
 Fire: Crossbow          |     9 |    37 |    13 ||    59
       Blowgun           |       |       |     4 ||     4
Evoke: Wand              |       |     1 |       ||     1
  Use: Potion            |       |       |     5 ||     5
 Stab: Sleeping          |     1 |       |       ||     1
